cohdb
Replays
Latest Replays
All Replays
Popular Replays
Top Player Replays
Match Explorer
How It Works
Community
CoH3 Stats
Reddit
Sign in to upload your games and track your stats! →
Sign in with Steam
COH3
Match 23895366
Overview
Messages
Build Orders
End
Kradschützen Motorcycle Team
Panzergrenadier Squad
Selects Italian Infantry
250 Light Carrier
Construct Light Support Kompanie
MG34 Team
2.5-tonne Medical Truck
Fire Support Elements
Pak 38 Anti-tank Gun Team
Kradschützen Motorcycle Team
le.IG 18 Mechanized Group
Selects Guastatori Squad
Selects Registered Artillery
Combat Half-tracks
Registered Artillery
Construct Mechanized Kompanie
2.5-tonne Medical Truck
Support Armor Elements
Registered Artillery
BravoTwoZer0
[Ace] Mango Rage
TiMMi_ks
Society is a Lie
LurkingTater
RDFlight
0
0
Comments
sign in to comment!
No comments posted yet!